 Dungeon Crawl Stone Soup version 0.29.0-4-gdea44cf6ec (webtiles) character file.

Game seed: 4586260295537095056

404 qw the Chopper (level 6, -8/30 (35) HPs)
             Began as a Tengu Warper on Aug 28, 2022.
             Mangled by an ogre
             ... wielding a +0 giant spiked club
              (14 damage)
             ... on level 5 of the Dungeon.
             The game lasted 00:00:27 (3896 turns).

qw the Chopper (Tengu Warper)                       Turns: 3896, Time: 00:00:28

HP:   -8/30 (35)    AC: 15    Str: 13    XL:     6   Next: 86%
MP:   0/10          EV:  4    Int: 14    God:
Gold: 63            SH:  4    Dex: 13    Spells: 9/9 levels left

rFire   . . .      SeeInvis .   Y - +0 hand axe
rCold   + . .      Faith    .   j - +0 buckler
rNeg    . . .      Spirit   +   h - +0 plate armour
rPois   .          Reflect  .   (helmet restricted)
rElec   .          Harm     .   e - +0 cloak
rCorr   .          Rampage  .   c - +2 pair of gloves
Will    .....                   (boots unavailable)
Stlth   ..........              a - amulet of guardian spirit
HPRegen 0.10/turn               l - ring of protection from cold
MPRegen 0.12/turn               (no ring)

@: flying quickly and evasively, heavily drained, quick
A: beak, talons 3, nimble flight
a: no special abilities


You were on level 5 of the Dungeon.
You visited 1 branch of the dungeon, and saw 5 of its levels.

You collected 161 gold pieces.
You spent 98 gold pieces at shops.


Innate Abilities, Weirdness & Mutations

You have a beak for a mouth.
You have claws for feet.
Your magical nature lets you fly swiftly and evasively.


   Skills:
 - Level 2.0 Fighting
 + Level 6.8 Axes
 - Level 1.0 Throwing
 - Level 3.3 Armour
 - Level 2.1 Dodging
 - Level 1.1 Shields
 - Level 2.0 Spellcasting
 - Level 2.4 Translocations


You had 9 spell levels left.
You didn't know any spells.
Your spell library contained the following spells:

 Spells                   Type           Power      Damage    Failure   Level
 Blink                    Tloc           16%        N/A       100%        2
 Gell's Gravitas          Tloc           8%         N/A       100%        3
 Lesser Beckoning         Tloc           8%         N/A       100%        3
 Teleport Other           Tloc           8%         N/A       100%        3
 Manifold Assault         Tloc           8%         N/A       100%        5

Inventory:

Hand Weapons
 b - a +2 flail of protection
 Y - a +0 hand axe (weapon)
Armour
 c - a +2 pair of gloves (worn)
 e - a +0 cloak (worn)
 h - a +0 plate armour (worn)
 j - a +0 buckler (worn)
Jewellery
 a - an amulet of guardian spirit (around neck)
 f - a ring of ice
 g - a ring of fire
 l - a ring of protection from cold (left hand)
Scrolls
 p - a scroll of identify
 r - 5 scrolls of teleportation
Potions
 i - 4 potions of curing
 k - a potion of haste
 m - a potion of invisibility {unknown}
 n - a potion of cancellation {unknown}
 o - a potion of heal wounds
 t - a potion of might

Dungeon Overview and Level Annotations

Branches:
Dungeon (5/15)
 Temple: D:4-7

Altars:
Xom

Shops:
D:3 *[**?


Message History

You hit the gnoll bouda. The orc wizard casts a spell at you.
The puff of flame misses you.
The puff of flame hits the gnoll bouda.
The gnoll barely misses you. The gnoll hits you but does no damage.
The gnoll bouda calls upon its god to heal the gnoll.
The gnoll's wounds heal themselves!
The gnoll hits you with a +1 flail of draining.
You feel drained. The gnoll hits you with a +0 club.
The gnoll hits you but does no damage.
You closely miss the orc wizard. Your kick misses the orc wizard.
You peck the orc wizard, but do no damage.
The orc wizard is severely wounded.
You closely miss the gnoll. You barely miss the gnoll.
You barely miss the gnoll bouda. You hit the gnoll. x2
The orc wizard hits you but does no damage.
You block the gnoll's attack. The gnoll barely misses you.
The gnoll bouda hits you but does no damage.
The gnoll closely misses you. The gnoll hits you with a +0 club.
You block the gnoll's attack.
You hit the orc wizard but do no damage.
Your kick misses the orc wizard.
The orc wizard is severely wounded.
You hit the gnoll. You barely miss the gnoll.
You hit the gnoll but do no damage. You hit the gnoll.
You hit the ogre but do no damage. You closely miss the gnoll bouda.
The orc wizard hits you but does no damage.
The gnoll barely misses you. The gnoll hits you but does no damage.
The gnoll bouda hits you but does no damage.
The ogre completely misses you. The gnoll closely misses you.
The gnoll hits you with a +0 club.
The gnoll hits you from afar with a +0 spear.
You hit the orc wizard. You claw the orc wizard.
You kill the orc wizard!
You hit the gnoll. x2; You hit the ogre.
You hit the gnoll bouda. You hit the gnoll but do no damage. You hit the gnoll.
The gnoll hits you but does no damage.
The gnoll bouda hits you with a +0 club.
The gnoll hits you but does no damage. x2; You feel drained.
The ogre hits you with a +0 giant spiked club!
You die...

.....)...## ..
#...?.....# ...
#.......... ....
#........). ....#
#...?.)....
......#..<.......
..../.#..........
......g.O.......#
...?..g@g{......#
....)og.g........
?......g.........
.................
.................
................
.....#.........
...............


You could see an ogre, a gnoll bouda, 5 gnolls and an orc.

Vanquished Creatures
  A black bear (D:4)
  A scorpion (D:4)
  2 hounds
  An orc wizard (D:5)
  9 adders
  A shadow imp (D:4)
  A white imp (D:4)
  6 worms
  A dart slug (D:2)
  4 orcs
  9 bats
  5 endoplasms
  6 giant cockroaches
  8 goblins
  6 hobgoblins
  5 jackals
  5 quokkas
  9 ball pythons
  A frilled lizard (D:3)
  A kobold (D:3)
  8 rats
90 creatures vanquished.

Vanquished Creatures (others)
  A demonic plant (D:4)
1 creature vanquished.

Grand Total: 91 creatures vanquished

Notes
Turn   | Place    | Note
-------+----------+-------------------------------------------
     0 | D:1      | qw the Tengu Warper began the quest for the Orb.
     0 | D:1      | Reached XP level 1. HP: 12/12 MP: 4/4
     0 | D:1      | 0 ||| qw: Version: 0.1-a-89-g26bdef1
     0 | D:1      | 0 ||| qw: Game counter: 2086
     0 | D:1      | 0 ||| qw: Always use a shield: true
     0 | D:1      | 0 ||| qw: God list: Okawaru
     0 | D:1      | 0 ||| qw: Allow faded altars: false
     0 | D:1      | 0 ||| qw: Do Orc after D:15 true
     0 | D:1      | 0 ||| qw: Do second Lair branch before Depths: true
     0 | D:1      | 0 ||| qw: Lair rune preference: random
     0 | D:1      | 0 ||| qw: Plans: Normal
     0 | D:1      | 0 ||| PLANNING D:1-11
   243 | D:1      | Reached skill level 3 in Axes
   243 | D:1      | Reached XP level 2. HP: 15/17 MP: 6/6
   378 | D:1      | 378 ||| Stepping ~*~*~tactically~*~*~ (stealth).
   380 | D:1      | 380 ||| Stepping ~*~*~tactically~*~*~ (stealth).
   384 | D:1      | 384 ||| Stepping ~*~*~tactically~*~*~ (stealth).
   386 | D:1      | 386 ||| Stepping ~*~*~tactically~*~*~ (stealth).
   388 | D:1      | 388 ||| Stepping ~*~*~tactically~*~*~ (stealth).
   390 | D:1      | 390 ||| Stepping ~*~*~tactically~*~*~ (stealth).
   393 | D:1      | 393 ||| Stepping ~*~*~tactically~*~*~ (stealth).
   949 | D:1      | Reached XP level 3. HP: 21/21 MP: 7/7
  1040 | D:1      | 1040 ||| UPGRADING to +0 scale mail.
  1050 | D:1      | 1050 ||| DROPPING +0 leather armour.
  1051 | D:1      | 1051 ||| UPGRADING to +0 buckler.
  1056 | D:1      | 1056 ||| UPGRADING to ring of protection from cold.
  1057 | D:1      | 1057 ||| READING scroll labelled USEKHL SISECE.
  1061 | D:1      | 1061 ||| READING scroll labelled WUEMECR HODETI.
  1062 | D:1      | 1062 ||| DROPPING scroll of blinking.
  1124 | D:2      | Reached skill level 1 in Shields
  1151 | D:2      | 1151 ||| Stepping ~*~*~tactically~*~*~ (hiding).
  1278 | D:2      | Reached skill level 4 in Axes
  1306 | D:2      | 1306 ||| Stepping ~*~*~tactically~*~*~ (hiding).
  1365 | D:2      | Found a shimmering altar of Xom.
  1427 | D:2      | Reached XP level 4. HP: 26/26 MP: 8/8
  1617 | D:2      | 1617 ||| UPGRADING to +0 pair of gloves.
  1622 | D:2      | 1622 ||| UPGRADING to amulet of guardian spirit.
  1627 | D:2      | 1627 ||| READING scroll labelled KOSUCK JAKO.
  1628 | D:2      | 1628 ||| READING 2 scrolls labelled ENUSUD MIUGUNA.
  1629 | D:2      | 1629 ||| READING 2 scrolls labelled FAWIAD CEOM.
  1630 | D:2      | 1630 ||| READING scroll of enchant armour.
  1630 | D:2      | 1630 ||| ENCHANTING +0 pair of gloves.
  1631 | D:2      | 1631 ||| DRINKING 3 bubbling inky potions.
  1632 | D:2      | 1632 ||| DRINKING 2 inky potions.
  1633 | D:2      | 1633 ||| DRINKING 2 smoky grey potions.
  1634 | D:2      | 1634 ||| DROPPING potion of degeneration.
  1671 | D:3      | 1671 ||| Stepping ~*~*~tactically~*~*~ (stealth).
  1683 | D:3      | 1683 ||| Stepping ~*~*~tactically~*~*~ (stealth).
  1688 | D:3      | 1688 ||| Stepping ~*~*~tactically~*~*~ (stealth).
  1844 | D:3      | Found Hog Itsu's Magic Scroll Shop.
  1855 | D:3      | 1855 ||| SHOPLISTING scroll of acquirement (676 gold, have
                  | 106).
  1855 | D:3      | 1855 ||| SHOPLISTING scroll of brand weapon (123 gold, have
                  | 106).
  1855 | D:3      | 1855 ||| BUYING scroll of identify (26 gold).
  1855 | D:3      | Bought a scroll of identify for 26 gold pieces
  1881 | D:3      | Found Ewnan's General Store.
  1889 | D:3      | 1889 ||| BUYING potion of might (48 gold).
  1889 | D:3      | Bought a potion of might for 48 gold pieces
  1889 | D:3      | 1889 ||| BUYING scroll of identify (24 gold).
  1889 | D:3      | Bought a scroll of identify for 24 gold pieces
  2085 | D:3      | Found Ucekliff's Armour Shoppe.
  2092 | D:3      | 2092 ||| SHOPLISTING +0 chain mail (54 gold, have 19).
  2092 | D:3      | 2092 ||| SHOPLISTING +2 pair of gloves of infusion (258
                  | gold, have 19).
  2126 | D:3      | Found Mungun's Assorted Antiques.
  2132 | D:3      | 2132 ||| SHOPLISTING peridot ring (95 gold, have 19).
  2132 | D:3      | 2132 ||| SHOPLISTING runed plate armour (494 gold, have
                  | 19).
  2132 | D:3      | 2132 ||| SHOPLISTING scorched bone ring (95 gold, have 19).
  2132 | D:3      | 2132 ||| SHOPLISTING scroll of enchant armour (142 gold,
                  | have 19).
  2132 | D:3      | 2132 ||| SHOPLISTING scroll of teleportation (57 gold, have
                  | 19).
  2134 | D:3      | 2134 ||| READING scroll of enchant armour.
  2134 | D:3      | 2134 ||| ENCHANTING +1 pair of gloves.
  2376 | D:3      | Reached skill level 5 in Axes
  2378 | D:3      | Found Wuedi's General Store.
  2387 | D:3      | 2387 ||| SHOPLISTING potion of might (48 gold, have 19).
  2387 | D:3      | 2387 ||| SHOPLISTING potion of mutation (96 gold, have 19).
  2515 | D:3      | 2515 ||| Stepping ~*~*~tactically~*~*~ (stealth).
  2526 | D:3      | Gained mutation: Your magical nature lets you fly swiftly
                  | and evasively. [Tengu growth]
  2526 | D:3      | Reached XP level 5. HP: 23/30 MP: 7/9
  2603 | D:3      | 2603 ||| DROPPING +0 whip.
  2644 | D:3      | 2644 ||| UPGRADING to +0 chain mail.
  2654 | D:3      | 2654 ||| DROPPING +0 scale mail.
  2655 | D:3      | 2655 ||| DROPPING ring of magical power.
  2656 | D:3      | 2656 ||| READING scroll labelled BOFUBY IMESI.
  2657 | D:3      | 2657 ||| READING scroll labelled KETOEG DYNADE.
  2658 | D:3      | 2658 ||| READING scroll labelled MISUARHOMARPH.
  2659 | D:3      | 2659 ||| READING 4 scrolls of identify.
  2659 | D:3      | 2659 ||| IDENTIFYING smoky puce potion
  2660 | D:3      | 2660 ||| READING 3 scrolls of identify.
  2660 | D:3      | 2660 ||| IDENTIFYING fizzy cyan potion
  2661 | D:3      | 2661 ||| READING 2 scrolls of identify.
  2661 | D:3      | 2661 ||| IDENTIFYING golden potion
  2662 | D:3      | 2662 ||| DROPPING potion of flight.
  2663 | D:3      | 2663 ||| DROPPING potion of lignification.
  2664 | D:3      | 2664 ||| READING 6 scrolls of teleportation.
  2697 | D:4      | Noticed a black bear
  2699 | D:4      | 2699 ||| Stepping ~*~*~tactically~*~*~ (stealth).
  2710 | D:4      | 2710 ||| Stepping ~*~*~tactically~*~*~ (stealth).
  2715 | D:4      | Killed a black bear
  2716 | D:4      | Reached skill level 3 in Armour
  2729 | D:4      | 2729 ||| FLEEEEING.
  2730 | D:4      | 2730 ||| FLEEEEING.
  2731 | D:4      | 2731 ||| FLEEEEING.
  2732 | D:4      | 2732 ||| FLEEEEING.
  2733 | D:4      | 2733 ||| FLEEEEING.
  2734 | D:4      | 2734 ||| STAIRDANCE
  2923 | D:4      | Reached skill level 6 in Axes
  2923 | D:4      | Reached XP level 6. HP: 17/35 MP: 8/10
  2923 | D:4      | 2923 ||| STAIRDANCE
  3106 | D:4      | 3106 ||| Stepping ~*~*~tactically~*~*~ (stealth).
  3108 | D:4      | 3108 ||| Stepping ~*~*~tactically~*~*~ (hiding).
  3215 | D:4      | 3215 ||| DROPPING +0 flail.
  3415 | D:4      | 3415 ||| Stepping ~*~*~tactically~*~*~ (hiding).
  3416 | D:4      | 3416 ||| Stepping ~*~*~tactically~*~*~ (hiding).
  3799 | D:4      | 3799 ||| UPGRADING to +0 cloak.
  3804 | D:4      | 3804 ||| UPGRADING to +0 plate armour.
  3814 | D:4      | 3814 ||| DROPPING +0 chain mail.
  3815 | D:4      | 3815 ||| READING scroll labelled BOVOQOKHOE.
  3878 | D:5      | Entered Level 5 of the Dungeon
  3896 | D:5      | HP: 6/31 [gnoll bouda/+0 club (2)]
  3896 | D:5      | Mangled by an ogre

Levels and vault maps discovered:
D:1:      dpeg_arrival_another_circle, layout_loops_ring, chequers_garden,
          minmay_misc_feat_diagonals
D:2:      layout_rooms, basic_altar
D:3:      minmay_diamond_boxcup, layout_basic, serial_shops, shop_fountains,
          shop, shop, shop, nicolae_shop_statue_plus, nicolae_wormholes
D:4:      layout_basic, serial_demonic, serial_demonic_b, serial_demonic_f,
          serial_demonic_g, serial_demonic_g
D:5:      layout_rooms, temple_statues

Skill      XL: |  1  2  3  4  5 |
---------------+----------------+-----
Axes           | 3 4 5 6 |  6.8
Shields        | 1 |  1.1
Armour         | 3 |  3.3
Fighting       | |  2.0
Throwing       | |  1.0
Dodging        | |  2.1
Spellcasting   | |  2.0
Translocations | |  2.4

Action                   |  1- 3 |  4- 6 || total
-------------------------+-------+-------++-------
Melee: Hand axe          |    56 |   189 ||   245
       Kick              |    11 |    46 ||    57
       Peck              |     5 |    27 ||    32
Throw: Boomerang         |    46 |       ||    46
  Use: Scroll            |     2 |    13 ||    15
       Potion            |       |     3 ||     3
Armor: Leather armour    |     6 |       ||     6
       Scale mail        |     9 |    39 ||    48
       Chain mail        |       |    58 ||    58
       Plate armour      |       |    19 ||    19
Dodge: Dodged            |    30 |    60 ||    90
Block: Buckler           |     1 |    15 ||    16

Table legend:
 A = Non-vault XP
 B = Vault XP
 C = Vault XP percentage of total XP
 D = Non-vault monster count
 E = Vault monster count
 F = Vault count percentage of total count
                 A         B        C        D         E       F
            +---------+---------+-------+---------+---------+-------
      Total |     530 |      83 |  13.5 |      73 |      17 |  18.9
            +---------+---------+-------+---------+---------+-------
        D:1 |      34 |       0 |   0.0 |      19 |       0 |   0.0
        D:2 |      55 |       0 |   0.0 |      20 |       0 |   0.0
        D:3 |      36 |      62 |  63.3 |      12 |      15 |  55.6
        D:4 |     325 |      21 |   6.1 |      19 |       2 |   9.5
        D:5 |      80 |       0 |   0.0 |       3 |       0 |   0.0
            +---------+---------+-------+---------+---------+-------
